 Dungeon Crawl Stone Soup version 0.29.1-15-g9cfb28693d (webtiles) character file.

Game seed: 5758902357423994673

10648 Gabide the Grappler (level 11, -8/95 HPs)
             Began as a Demigod Fighter on Apr 23, 2023.
             Mangled by an ice devil (17 damage)
             ... on level 11 of the Dungeon.
             The game lasted 00:21:17 (14417 turns).

Gabide the Grappler (Demigod Fighter)              Turns: 14417, Time: 00:21:18

Health: -8/95      AC: 12    Str: 32    XL:     11   Next: 16%
Magic:  14/14      EV: 13    Int: 10    God:
Gold:   618        SH:  4    Dex: 13    Spells: 10/10 levels left

rFire   . . .      SeeInvis .     - Unarmed
rCold   . . .      Faith    .   b - +0 buckler
rNeg    + + .      Spirit   .   q - +2 scale mail {rPois}
rPois   +          Reflect  .   m - +0 helmet
rElec   .          Harm     .   i - +0 cloak
rCorr   +          Rampage  +   f - +0 pair of gloves
Will    +....                   (no boots)
Stlth   ..........              w - amulet of Petin {Acrobat Rampage rPois rN++ Str-3}
HPRegen 0.25/turn               n - +6 ring of strength
MPRegen 0.14/turn               a - ring of resist corrosion

@: hasted, very quick
A: high MP 1, forlorn, divine attributes
a: no special abilities


You were on level 11 of the Dungeon.
You visited 1 branch of the dungeon, and saw 11 of its levels.

You collected 618 gold pieces.

Inventory:

Missiles
 o - 5 atropa-tipped darts (quivered)
Armour
 b - a +0 buckler (worn)
 f - a +0 pair of gloves (worn)
 i - a +0 cloak (worn)
 j - a +1 robe of cold resistance
 m - a +0 helmet (worn)
 q - a +2 scale mail of poison resistance (worn)
Jewellery
 a - a ring of resist corrosion (right hand)
 g - a ring of positive energy
 n - a +6 ring of strength (left hand)
 p - a +6 ring of dexterity
 w - the amulet of Petin (around neck) {Acrobat Rampage rPois rN++ Str-3}
   (You found it on level 6 of the Dungeon)

   [amulet of the acrobat]

   It increases your evasion while moving and waiting.
   Str:       It affects your strength (-3).
   rPois:     It protects you from poison.
   rN:        It greatly protects you from negative energy.
   Rampage:   It bestows one free step when moving towards enemies.
 y - a ring of protection from cold
 z - a ring of positive energy
 E - a ring of see invisible
Wands
 D - a wand of digging (3)
Scrolls
 h - a scroll of vulnerability
 l - 2 scrolls of enchant weapon
 s - 3 scrolls of immolation
 u - 2 scrolls of teleportation
 x - a scroll of identify
 A - 2 scrolls of magic mapping
 B - a scroll of blinking
Potions
 c - a potion of might
 d - 3 potions of mutation
 k - 5 potions of curing
 r - a potion of resistance
 t - a potion of brilliance
 v - a potion of attraction
 C - 3 potions of invisibility


   Skills:
 + Level 8.4 Fighting
 - Level 3.0 Armour
 + Level 8.4 Dodging
 - Level 3.0 Shields
 * Level 12.0 Unarmed Combat


You had 10 spell levels left.
You didn't know any spells.
Your spell library contained the following spells:

 Spells                   Type           Power      Damage    Failure   Level
 Magic Dart               Conj           0%         1d3       69%         1
 Summon Small Mammal      Summ           0%         N/A       69%         1
 Call Imp                 Summ           0%         N/A       83%         2
 Call Canine Familiar     Summ           0%         N/A       96%         3
 Gell's Gravitas          Tloc           0%         N/A       96%         3
 Mephitic Cloud           Conj/Pois/Air  0%         N/A       96%         3
 Summon Guardian Golem    Hex/Summ       0%         N/A       96%         3
 Teleport Other           Tloc           0%         N/A       96%         3
 Dispersal                Tloc           0%         N/A       100%        6


Dungeon Overview and Level Annotations

Branches:
Dungeon (11/15)            Temple (0/1) D:7            Lair (0/5) D:11
    Orc (0/2) D:10

Shops:
D:2 (   D:8 :

Annotations:
D:1 2 transporters


Innate Abilities, Weirdness & Mutations

You have an increased reservoir of magic. (+10% MP)
You shall have no god before yourself.
Your divine heritage dramatically boosts your attributes as you level up.


Message History

The ufetubus disappears in a puff of smoke!
Press: ? - help, v - describe, . - travel
Here: a ynoxinul The floor.
Unknown command.
You feel better.
The ufetubus hits you but does no damage.
The ufetubus closely misses you.
The ynoxinul gestures.
You block the ufetubus's attack.
The ufetubus hits you but does no damage.
You hit the ufetubus.
The ufetubus is moderately wounded.
The ufetubus disappears in a puff of smoke!
You barely miss the ynoxinul. You pummel the ynoxinul!!
The ynoxinul is severely wounded.
You carefully extract the barbed spikes from your body.
The ynoxinul gestures at you. The iron shot hits you!
* * * LOW HITPOINT WARNING * * *
You punch the ynoxinul!
You kill the ynoxinul!
The ufetubus disappears in a puff of smoke! x7
Your Unarmed Combat skill increases to level 12!
An ice devil is nearby!
Okay, then.
Unknown command.
Unknown command.
The ice devil closely misses you.
You completely miss the ice devil. You closely miss the ice devil.
The ice devil closely misses you.
You punch the ice devil!
The ice devil is lightly wounded.
The ice devil hits you. The ice devil freezes you!!
* * * LOW HITPOINT WARNING * * *
You feel yourself speed up. The ice devil hits you!
* * * LOW HITPOINT WARNING * * *
The ice devil freezes you!
You die...

#....#####..
##'### ## #.#
... #.# ....
#.# ..... #.#
...⌠..#####.#
......)...4.#
......###@#.#
.##.# #<..#
.. #.### #
#.# ..# ####


You could see an ice devil.

Vanquished Creatures
  2 two-headed ogres
  A cyclops (D:9)
  A gargoyle (D:9)
  The ghost of rlgrobin the Covered, a novice DsFi of Qazlal (D:5)
  An unseen horror (D:10)
  Maggie (D:6)
  A kobold demonologist (D:11)
  A red devil (D:11)
  A troll (D:10)
  Prince Ribbit (D:5)
  Sigmund (D:5)
  6 yaks
  A shadow (D:10)
  A wraith (D:8)
  A ynoxinul (D:11)
  2 wyverns
  2 basilisks (D:11)
  2 steam dragons
  A chaos spawn (D:11)
  A warg (D:10)
  2 vampire mosquitoes (D:9)
  Edmund (D:6)
  An acid dragon (D:9)
  A water moccasin (D:5)
  4 orc warriors
  2 sky beasts
  An ice beast (D:6)
  A black bear (D:5)
  3 ogres
  3 phantoms
  A centaur (D:9)
  2 kobold brigands
  2 bullfrogs (D:8)
  Blork the orc (D:4)
  A necrophage (D:5)
  3 scorpions
  10 wights
  6 killer bees (D:9)
  A howler monkey (D:8)
  3 quasits (D:11)
  8 hounds
  A jelly (D:8)
  9 orc priests
  A gnoll bouda (D:8)
  Ijyb (D:5)
  3 iguanas
  14 orc wizards
  6 adders
  5 gnolls (D:8)
  A shadow imp (D:5)
  A white imp (D:8)
  A worm (D:2)
  4 dart slugs
  53 orcs
  7 ball pythons
  5 endoplasms
  3 giant cockroaches
  9 goblins
  8 hobgoblins
  2 quokkas
  7 bats (D:1)
  3 frilled lizards
  19 kobolds
  9 rats
258 creatures vanquished.

Vanquished Creatures (others)
  A demonic plant (D:11)
  A fungus (D:11)
  2 plants (D:11)
4 creatures vanquished.

Grand Total: 262 creatures vanquished

Notes
Turn   | Place    | Note
-------+----------+-------------------------------------------
     0 | D:1      | Gabide the Demigod Fighter began the quest for the Orb.
     0 | D:1      | Reached XP level 1. HP: 18/18 MP: 3/3
    24 | D:1      | Reached skill level 2 in Unarmed Combat
   347 | D:1      | Reached XP level 2. HP: 24/25 MP: 4/4
   456 | D:1      | Reached skill level 3 in Unarmed Combat
  1327 | D:2      | Reached XP level 3. HP: 30/30 MP: 5/5
  1784 | D:2      | Found Haxto's Antique Weapon Shop.
  2224 | D:3      | Reached skill level 4 in Unarmed Combat
  2669 | D:3      | Reached XP level 4. HP: 29/37 MP: 6/6
  3157 | D:4      | Reached skill level 5 in Unarmed Combat
  3443 | D:4      | Noticed Blork the orc
  3451 | D:4      | Killed Blork the orc
  3452 | D:4      | Reached XP level 5. HP: 42/42 MP: 7/7
  4381 | D:5      | Entered Level 5 of the Dungeon
  4439 | D:5      | Reached skill level 6 in Unarmed Combat
  4439 | D:5      | Reached XP level 6. HP: 41/51 MP: 8/8
  4531 | D:5      | Noticed Ijyb
  4532 | D:5      | Noticed Prince Ribbit
  4539 | D:5      | Killed Ijyb
  4547 | D:5      | Killed Prince Ribbit
  4548 | D:5      | Reached skill level 1 in Dodging
  4579 | D:5      | Reached XP level 7. HP: 27/59 MP: 9/9
  5730 | D:5      | Noticed Sigmund
  5753 | D:5      | Killed Sigmund
  6104 | D:5      | Found a runed translucent door.
  6105 | D:5      | Noticed rlgrobin's ghost (novice DsFi)
  6162 | D:5      | Killed rlgrobin's ghost
  6163 | D:5      | Reached skill level 7 in Unarmed Combat
  6163 | D:5      | Reached XP level 8. HP: 44/67 MP: 10/10
  6313 | D:6      | Noticed Maggie
  6466 | D:6      | Killed Maggie
  6467 | D:6      | Reached skill level 5 in Fighting
  6467 | D:6      | Reached skill level 5 in Dodging
  7182 | D:6      | Reached skill level 8 in Unarmed Combat
  7421 | D:6      | Noticed Edmund
  7432 | D:6      | Killed Edmund
  7528 | D:6      | You fall into a shaft and drop 2 floors!
  7581 | D:8      | Reached XP level 9. HP: 75/75 MP: 11/11
  7777 | D:8      | Found Wicrus's Tremendous Tomes.
  7914 | D:8      | Identified the +9 dagger of Virtue {antimagic, Int+3}
  8159 | D:6      | Identified the amulet of Petin {Acrobat Rampage rPois rN++
                  | Str-3}
  8457 | D:7      | Found a staircase to the Ecumenical Temple.
  8495 | D:7      | Reached skill level 9 in Unarmed Combat
 10734 | D:9      | Reached skill level 10 in Unarmed Combat
 10909 | D:9      | Noticed a two-headed ogre
 11305 | D:8      | Reached XP level 10. HP: 62/84 MP: 13/13
 11543 | D:8      | Killed a two-headed ogre
 12067 | D:9      | Noticed a cyclops
 12071 | D:9      | Killed a cyclops
 12330 | D:10     | Entered Level 10 of the Dungeon
 12402 | D:9      | Reached skill level 11 in Unarmed Combat
 13103 | D:10     | Found a staircase to the Orcish Mines.
 14124 | D:11     | Noticed a two-headed ogre
 14126 | D:11     | Found a staircase to the Lair.
 14142 | D:11     | Killed a two-headed ogre
 14143 | D:11     | Reached XP level 11. HP: 70/94 MP: 14/14
 14346 | D:11     | Reached skill level 12 in Unarmed Combat
 14417 | D:11     | Mangled by an ice devil

Illustrated notes

Levels and vault maps discovered:
D:1:      spicycebolla_arrival_transporter_tutorial, layout_basic,
          chequers_ecumenical_altar_simple, minmay_hedge_maze,
          minmay_heptomino_l4
D:2:      layout_loops_cross, serial_shops, nicolae_shop_statue_plus,
          basic_altar
D:3:      layout_basic, mainiacjoe_overflow_boulevard
D:4:      layout_loops_corners, lemuel_doored_altar, uniq_blork_the_orc
D:5:      nicolae_cairo_tiling_large_dashed, layout_basic, vehumet_crystals,
          gammafunk_ghost_grave, uniq_prince_ribbit1, uniq_ijyb, uniq_sigmund
D:6:      layout_rooms, uniq_edmund, uniq_maggie
D:7:      layout_gridville, minmay_temple_entry_slanted
D:8:      layout_loops_ring, lemuel_blue_sif_altar,
          nicolae_shop_i_like_big_books
D:9:      minmay_angry_zag, layout_small_grid, serial_park_tiny_1,
          minmay_sticks_and_stones
D:10:     layout_cross, nicolae_tso_carved_into_rock,
          gammafunk_temple_overflow_claw, erik_orc_3
D:11:     nicolae_cairo_tiling, layout_basic, david_lair_generic,
          serial_demonic, serial_demonic_g, serial_demonic_d, serial_demonic_a,
          serial_demonic_g, roderic_roman_lattice

Skill      XL: |  1  2  3  4  5  6  7  8  9 10 11 |
---------------+----------------------------------+-----
Unarmed Combat | 2 3 4 5 6 7 8 10 11 12 | 12.0
Fighting       | 3 4 5 6 8 |  8.4
Armour         | 3 |  3.0
Shields        | 3 |  3.0
Dodging        | 2 4 5 6 8 |  8.4

Action                   |  1- 3 |  4- 6 |  7- 9 | 10-12 || total
-------------------------+-------+-------+-------+-------++-------
Melee: Unarmed           |   229 |   139 |   498 |   238 ||  1104
Throw: Dart              |       |       |     8 |     3 ||    11
Evoke: Wand              |       |       |     4 |     3 ||     7
  Use: Scroll            |     8 |     5 |     6 |     3 ||    22
       Potion            |       |     5 |     5 |     5 ||    15
 Stab: Invisible         |       |       |       |     8 ||     8
Armor: Scale mail        |    89 |       |   117 |    77 ||   283
       Ring mail         |     7 |    37 |    26 |       ||    70
       Skin              |       |    19 |     2 |     4 ||    25
       Steam dragon scal |       |       |    15 |       ||    15
Dodge: Dodged            |    67 |    47 |   230 |   132 ||   476
Block: Buckler           |    35 |    26 |    77 |    43 ||   181
